TOP OF THE 1ST |
Tortolita Drummers batting - Pitching for Plymouth Rocks : RHP Cisco Andr
|
Pitching: RHP Cisco Andr
|
|
Batting: RHB Sean Godron
|
0-0: Called Strike 0-1: Ball 1-1: Ball 2-1: Swinging Strike 2-2: Ball 3-2: Base on Balls
|
Batting: RHB Ricardo Pacheco
|
0-0: Fly out, F8 (Flyball, 8RD)
|
Batting: LHB Steve Costillo
|
0-0: Ball Sean Godron steals 2nd base 1-0: Ball 2-0: Ball 3-0: Called Strike 3-1: Called Strike 3-2: Base on Balls
|
Batting: RHB Rich Flannery
|
0-0: Called Strike 0-1: Called Strike Sean Godron steals 3rd base Steve Costillo to second 0-2: Foul Ball, location: 2F 0-2: Strikes out looking
|
Batting: LHB Bernardo Elías
|
0-0: Ball 1-0: Ground out 4-3 (Groundball, 4)
|
Top of the 1st over - 0 runs, 0 hits, 0 errors, 2 left on base; Tortolita 0 - Plymouth 0 |
BOTTOM OF THE 1ST |
Plymouth Rocks batting - Pitching for Tortolita Drummers : LHP Steve Seabolt
|
Pitching: LHP Steve Seabolt
|
|
Batting: LHB José Castillo
|
0-0: Called Strike 0-1: Foul Ball, location: 2F 0-2: Ball 1-2: Ball 2-2: Ball 3-2: Ground out 1-3 (Groundball, P)
|
Batting: RHB Chris Costa
|
0-0: Ball 1-0: Called Strike 1-1: Ball 2-1: Ball 3-1: Called Strike 3-2: Base on Balls
|
Batting: LHB Adrian McCoy
|
0-0: Fly out, F9 (Flyball, 89M)
|
Batting: RHB Sadakuno Taketo
|
0-0: Called Strike 0-1: Foul Ball, location: 2F 0-2: Ball 1-2: Ball 2-2: Ball 3-2: Base on Balls Chris Costa to second
|
Batting: SHB Javier Vega
|
0-0: Swinging Strike 0-1: Ball 1-1: Ball 2-1: Swinging Strike 2-2: Strikes out looking
|
Bottom of the 1st over - 0 runs, 0 hits, 0 errors, 2 left on base; Tortolita 0 - Plymouth 0 |
TOP OF THE 2ND |
Tortolita Drummers batting - Pitching for Plymouth Rocks : RHP Cisco Andr
|
Batting: RHB Orlando Montoya
|
0-0: Called Strike 0-1: Ball 1-1: Swinging Strike 1-2: SINGLE (Line Drive, 7S)
|
Batting: RHB Vincent Klein
|
0-0: Ball 1-0: Ball 2-0: Swinging Strike 2-1: Ball 3-1: Base on Balls Orlando Montoya to second
|
Batting: RHB Alan Elder
|
0-0: Grounds into double play, 6-4-3 (Groundball, 56) Orlando Montoya to third
|
Batting: RHB Iván Chacón
|
0-0: Fly out, F4 (Popup, 34S)
|
Top of the 2nd over - 0 runs, 1 hit, 0 errors, 1 left on base; Tortolita 0 - Plymouth 0 |
BOTTOM OF THE 2ND |
Plymouth Rocks batting - Pitching for Tortolita Drummers : LHP Steve Seabolt
|
Batting: RHB Cosmo Bjorkenheim
|
0-0: Called Strike 0-1: Foul Ball, location: 2F 0-2: Strikes out looking
|
Batting: RHB Chris Teague
|
0-0: Foul Ball, location: 2F 0-1: Ball 1-1: Foul Ball, location: 2F 1-2: Strikes out looking
|
Batting: LHB Jeff Lawson
|
0-0: Fly out, F9 (Flyball, 9LS)
|
Bottom of the 2nd over - 0 runs, 0 hits, 0 errors, 0 left on base; Tortolita 0 - Plymouth 0 |
TOP OF THE 3RD |
Tortolita Drummers batting - Pitching for Plymouth Rocks : RHP Cisco Andr
|
Batting: RHB Sean Godron
|
0-0: Called Strike 0-1: Called Strike 0-2: Hit by Pitch
|
Batting: RHB Ricardo Pacheco
|
0-0: Ball 1-0: Ball 2-0: Ball 3-0: Called Strike 3-1: Fly out, F6 (Line Drive, 6M)
|
Batting: LHB Steve Costillo
|
0-0: Ball 1-0: DOUBLE (Line Drive, 9D) Sean Godron to third Runner from 3rd tries for Home, SAFE, no throw
|
Batting: RHB Rich Flannery
|
0-0: Ball 1-0: Ball 2-0: Ball 3-0: Called Strike 3-1: Called Strike 3-2: Fly out, F9 (Flyball, 9LMF)
|
Batting: LHB Bernardo Elías
|
0-0: Called Strike 0-1: Foul Ball, location: 2F 0-2: Strikes out swinging
|
Top of the 3rd over - 1 run, 1 hit, 0 errors, 1 left on base; Tortolita 1 - Plymouth 0 |
BOTTOM OF THE 3RD |
Plymouth Rocks batting - Pitching for Tortolita Drummers : LHP Steve Seabolt
|
Batting: RHB Luis Guerrero
|
0-0: Called Strike 0-1: Foul Ball, location: 2F 0-2: Strikes out swinging, 2-3 out at first.
|
Batting: LHB José Castillo
|
0-0: Called Strike 0-1: Swinging Strike 0-2: Ball 1-2: Foul Ball, location: 2F 1-2: Ball 2-2: Foul Ball, location: 2F 2-2: Ground out 4-3 (Groundball, 4)
|
Batting: RHB Chris Costa
|
0-0: Foul Ball, location: 2F 0-1: Ground out 5-3 (Groundball, 56)
|
Bottom of the 3rd over - 0 runs, 0 hits, 0 errors, 0 left on base; Tortolita 1 - Plymouth 0 |
TOP OF THE 4TH |
Tortolita Drummers batting - Pitching for Plymouth Rocks : RHP Cisco Andr
|
Batting: RHB Orlando Montoya
|
0-0: Ball 1-0: Ground out 6-3 (Groundball, 6MS)
|
Batting: RHB Vincent Klein
|
0-0: Called Strike 0-1: Ball 1-1: Foul Ball, location: 2F 1-2: Strikes out swinging
|
Batting: RHB Alan Elder
|
0-0: Foul Ball, location: 2F 0-1: Foul Ball, location: 2F 0-2: Ball 1-2: Ball 2-2: Ball 3-2: Reached on error, E5 (Groundball, 56)
|
Batting: RHB Iván Chacón
|
0-0: Ball 1-0: Ball 2-0: Called Strike 2-1: Ball 3-1: Called Strike 3-2: Base on Balls Alan Elder to second
|
Batting: RHB Sean Godron
|
0-0: Foul Ball, location: 2F 0-1: Ball 1-1: Fly out, F8 (Line Drive, 8LM)
|
Top of the 4th over - 0 runs, 0 hits, 1 error, 2 left on base; Tortolita 1 - Plymouth 0 |
BOTTOM OF THE 4TH |
Plymouth Rocks batting - Pitching for Tortolita Drummers : LHP Steve Seabolt
|
Batting: LHB Adrian McCoy
|
0-0: Ball 1-0: Ball 2-0: SINGLE (Groundball, 4MD)
|
Batting: RHB Sadakuno Taketo
|
0-0: Swinging Strike 0-1: Ball 1-1: Called Strike 1-2: Ball 2-2: Strikes out swinging
|
Batting: SHB Javier Vega
|
0-0: Ball 1-0: Called Strike 1-1: Swinging Strike 1-2: Foul Ball, location: 2F 1-2: Ball 2-2: Strikes out swinging
|
Batting: RHB Cosmo Bjorkenheim
|
0-0: Ball 1-0: Ball 2-0: SINGLE (Groundball, 56) (infield hit) Adrian McCoy to second
|
Batting: RHB Chris Teague
|
0-0: Called Strike 0-1: Ground out 5-3 (Groundball, 56S)
|
Bottom of the 4th over - 0 runs, 2 hits, 0 errors, 2 left on base; Tortolita 1 - Plymouth 0 |
TOP OF THE 5TH |
Tortolita Drummers batting - Pitching for Plymouth Rocks : RHP Cisco Andr
|
Batting: RHB Ricardo Pacheco
|
0-0: Called Strike 0-1: Ground out U3 (Groundball, 34)
|
Batting: LHB Steve Costillo
|
0-0: Called Strike 0-1: Swinging Strike 0-2: Ball 1-2: Ball 2-2: Ball 3-2: Strikes out swinging
|
Batting: RHB Rich Flannery
|
0-0: Fly out, F7 (Flyball, 7D)
|
Top of the 5th over - 0 runs, 0 hits, 0 errors, 0 left on base; Tortolita 1 - Plymouth 0 |
BOTTOM OF THE 5TH |
Plymouth Rocks batting - Pitching for Tortolita Drummers : LHP Steve Seabolt
|
Batting: LHB Jeff Lawson
|
0-0: Ball 1-0: Swinging Strike 1-1: Ground out 5-3 (Groundball, 56S)
|
Batting: RHB Luis Guerrero
|
0-0: Called Strike 0-1: Ball 1-1: Fly out, F7 (Flyball, 7S)
|
Batting: LHB José Castillo
|
0-0: Ball 1-0: Ball 2-0: Foul Ball, location: 2F 2-1: Ball 3-1: Base on Balls
|
Batting: RHB Chris Costa
|
0-0: Ball José Castillo is caught stealing 2nd base
|
Bottom of the 5th over - 0 runs, 0 hits, 0 errors, 0 left on base; Tortolita 1 - Plymouth 0 |
TOP OF THE 6TH |
Tortolita Drummers batting - Pitching for Plymouth Rocks : RHP Cisco Andr
|
Batting: LHB Bernardo Elías
|
0-0: Ball 1-0: Foul Ball, location: 2F 1-1: Ball 2-1: Ball 3-1: Base on Balls
|
Batting: RHB Orlando Montoya
|
0-0: Called Strike 0-1: Sac Bunt - play at first, batter safe! Bernardo Elías to second
|
Batting: RHB Vincent Klein
|
0-0: Foul Ball, location: 2F 0-1: Ball 1-1: Ball 2-1: Called Strike 2-2: Fly out, F8 (Line Drive, 8LD)
|
Batting: RHB Alan Elder
|
0-0: Ball 1-0: Swinging Strike 1-1: Swinging Strike 1-2: Strikes out swinging
|
Pitching: RHP Frank Castle
|
|
Batting: RHB Iván Chacón
|
0-0: Ball 1-0: Ground out 4-3 (Groundball, 4M)
|
Top of the 6th over - 0 runs, 1 hit, 0 errors, 2 left on base; Tortolita 1 - Plymouth 0 |
BOTTOM OF THE 6TH |
Plymouth Rocks batting - Pitching for Tortolita Drummers : LHP Steve Seabolt
|
Batting: RHB Chris Costa
|
0-0: Called Strike 0-1: Ball 1-1: Fly out, F7 (Flyball, 78S)
|
Batting: LHB Adrian McCoy
|
0-0: Called Strike 0-1: Ground out U3 (Groundball, 34)
|
Batting: RHB Sadakuno Taketo
|
0-0: Called Strike 0-1: Fly out, F7 (Flyball, 7LMF)
|
Bottom of the 6th over - 0 runs, 0 hits, 0 errors, 0 left on base; Tortolita 1 - Plymouth 0 |
TOP OF THE 7TH |
Tortolita Drummers batting - Pitching for Plymouth Rocks : RHP Frank Castle
|
Batting: RHB Sean Godron
|
0-0: Called Strike 0-1: Fly out, F4 (Popup, 4M)
|
Batting: RHB Ricardo Pacheco
|
0-0: Ball 1-0: Foul Ball, location: 2F 1-1: SINGLE (Groundball, 56D)
|
Batting: LHB Steve Costillo
|
0-0: Ball 1-0: Ball 2-0: Ball 3-0: Called Strike 3-1: Fielders Choice at 2nd, U6 (Groundball, 4M)
|
Batting: RHB Rich Flannery
|
0-0: Ball 1-0: Called Strike 1-1: Foul Ball, location: 2F 1-2: Ball 2-2: Ball 3-2: SINGLE (Groundball, 6MD) Steve Costillo to second Steve Costillo to third
|
Batting: LHB Bernardo Elías
|
0-0: Ball 1-0: Ball 2-0: Called Strike 2-1: Foul Ball, location: 2F 2-2: Foul Ball, location: 2F 2-2: Fly out, F9 (Line Drive, 89XD)
|
Top of the 7th over - 0 runs, 2 hits, 0 errors, 2 left on base; Tortolita 1 - Plymouth 0 |
BOTTOM OF THE 7TH |
Plymouth Rocks batting - Pitching for Tortolita Drummers : LHP Steve Seabolt
|
Batting: SHB Javier Vega
|
0-0: Called Strike 0-1: Ball 1-1: Ball 2-1: Foul Ball, location: 2F 2-2: Ball 3-2: Base on Balls
|
Batting: RHB Cosmo Bjorkenheim
|
0-0: Called Strike Javier Vega is caught stealing 2nd base 0-1: Ball 1-1: Ball 2-1: Ground out 5-3 (Groundball, 56S)
|
Batting: RHB Chris Teague
|
0-0: Called Strike 0-1: Called Strike 0-2: Foul Ball, location: 2F 0-2: Strikes out looking
|
Bottom of the 7th over - 0 runs, 0 hits, 0 errors, 0 left on base; Tortolita 1 - Plymouth 0 |
TOP OF THE 8TH |
Tortolita Drummers batting - Pitching for Plymouth Rocks : RHP Frank Castle
|
Batting: RHB Orlando Montoya
|
0-0: Called Strike 0-1: Reached on error, E1 (Groundball, 15S)
|
Batting: RHB Vincent Klein
|
0-0: Ground out 6-3 (Groundball, 6) Orlando Montoya to third
|
Batting: RHB Alan Elder
|
0-0: Intentional Walk
|
Batting: RHB Iván Chacón
|
0-0: Ball 1-0: Called Strike 1-1: Ball 2-1: Called Strike 2-2: Ball 3-2: Grounds into double play, 6-4-3 (Groundball, 6)
|
Top of the 8th over - 0 runs, 0 hits, 1 error, 1 left on base; Tortolita 1 - Plymouth 0 |
BOTTOM OF THE 8TH |
Plymouth Rocks batting - Pitching for Tortolita Drummers : LHP Steve Seabolt
|
Pitching: LHP Ricardo Ruíz
|
|
Now at C: Eisse Cals
|
|
Batting: LHB Jeff Lawson
|
0-0: Called Strike 0-1: Fly out, F7 (Flyball, 7D)
|
Batting: RHB Luis Guerrero
|
0-0: Foul Ball, location: 2F 0-1: Fly out, F6 (Line Drive, 6)
|
Batting: LHB José Castillo
|
0-0: Called Strike 0-1: Called Strike 0-2: Foul Ball, location: 2F 0-2: Ball 1-2: Ball 2-2: Strikes out swinging
|
Bottom of the 8th over - 0 runs, 0 hits, 0 errors, 0 left on base; Tortolita 1 - Plymouth 0 |
TOP OF THE 9TH |
Tortolita Drummers batting - Pitching for Plymouth Rocks : RHP Frank Castle
|
Pitching: LHP Roberto Aguirre
|
|
Batting: RHB Sean Godron
|
0-0: Fly out, F7 (Flyball, 7S)
|
Batting: RHB Ricardo Pacheco
|
0-0: Ball 1-0: Called Strike 1-1: Ball 2-1: Ball 3-1: Base on Balls
|
Pinch Hitting: RHB Lonnie Conrad
|
0-0: Called Strike 0-1: Ball 1-1: Ball 2-1: Ball Passed Ball! Ricardo Pacheco to second 3-1: Foul Ball, location: 2F 3-2: Fly out, F7 (Flyball, 78M)
|
Batting: RHB Rich Flannery
|
0-0: Ball 1-0: Swinging Strike 1-1: Foul Ball, location: 2F 1-2: Ball Wild Pitch! Ricardo Pacheco to third 2-2: Ball 3-2: Foul Ball, location: 2F 3-2: Foul Ball, location: 2F 3-2: Ground out 6-3 (Groundball, 6)
|
Top of the 9th over - 0 runs, 0 hits, 0 errors, 1 left on base; Tortolita 1 - Plymouth 0 |
BOTTOM OF THE 9TH |
Plymouth Rocks batting - Pitching for Tortolita Drummers : LHP Ricardo Ruíz
|
Pitching: RHP Kyle Buckman
|
|
Now at SS: Santo Alba
|
|
Batting: RHB Chris Costa
|
0-0: Ball 1-0: Fly out, F7 (Flyball, 7S)
|
Batting: LHB Adrian McCoy
|
0-0: Ball 1-0: Ball 2-0: Foul Ball, location: 2F 2-1: Called Strike 2-2: Ball 3-2: SINGLE (Flyball, 78S)
|
Batting: RHB Sadakuno Taketo
|
0-0: Ball 1-0: Called Strike 1-1: Called Strike 1-2: Ground out 5-3 (Groundball, 56S) Adrian McCoy to second
|
Batting: SHB Javier Vega
|
0-0: Ball 1-0: Called Strike 1-1: Ball 2-1: Foul Ball, location: 2F 2-2: Ball 3-2: Foul Ball, location: 2F 3-2: SINGLE (Groundball, 4MD) Adrian McCoy to third Adrian McCoy scores
|
Batting: RHB Cosmo Bjorkenheim
|
0-0: Called Strike Javier Vega steals 2nd base 0-1: Foul Ball, location: 2F 0-2: Ball 1-2: Ball 2-2: Strikes out swinging
|
Bottom of the 9th over - 1 run, 2 hits, 0 errors, 1 left on base; Tortolita 1 - Plymouth 1 |
TOP OF THE 10TH |
Tortolita Drummers batting - Pitching for Plymouth Rocks : LHP Roberto Aguirre
|
Batting: LHB Bernardo Elías
|
0-0: Ball 1-0: Called Strike 1-1: Swinging Strike 1-2: Strikes out looking
|
Batting: RHB Orlando Montoya
|
0-0: Foul Ball, location: 2F 0-1: Ball 1-1: Ball 2-1: SOLO HOME RUN (Flyball, 7LD), Distance : 379 ft
|
Batting: RHB Eisse Cals
|
0-0: Ball 1-0: Ball 2-0: Called Strike 2-1: Ball 3-1: Foul Ball, location: 2F 3-2: Fly out, F8 (Flyball, 8RXD)
|
Batting: RHB Alan Elder
|
0-0: Ball 1-0: Ground out 5-3 (Groundball, 56)
|
Top of the 10th over - 1 run, 1 hit, 0 errors, 0 left on base; Tortolita 2 - Plymouth 1 |
BOTTOM OF THE 10TH |
Plymouth Rocks batting - Pitching for Tortolita Drummers : RHP Kyle Buckman
|
Batting: RHB Chris Teague
|
0-0: Called Strike 0-1: Ground out 4-3 (Groundball, 4M)
|
Batting: LHB Jeff Lawson
|
0-0: Fly out, F2 (Popup, 25F)
|
Pinch Hitting: LHB Carlos Álvarez
|
0-0: Called Strike 0-1: Swinging Strike 0-2: Ball 1-2: Ball 2-2: Ground out 4-3 (Groundball, 4)
|
Bottom of the 10th over - 0 runs, 0 hits, 0 errors, 0 left on base; Tortolita 2 - Plymouth 1 |
|